Map: Washout LE

Players

SpearOfAdun

  • Race: Terran Terran
  • League: Master

A.I. 2 (Elite) - Winner!

  • Race: Zerg Zerg

VOD

Have the link to the VOD?

Description

Time

  • Played on: Oct. 15, 2026, 1:18 p.m.
  • Length: 7:06
Show
View Real Time Build Order
Export as new Build Order

SpearOfAdun Terran 

Build Orders: 2 Factory, Hellion Opening, Mech 

Get SALT Encoding   

  12  0:00  SCV  
  13  0:12  SCV  
  14  0:17  Supply Depot  
  14  0:24  SCV  
  14  0:28  Refinery  
  15  0:38  SCV  
  16  0:43  Barracks  
  16  0:51  SCV  
  17  1:03  SCV  
  18  1:15  SCV  
  19  1:31  Factory  
  19  1:33  Orbital Command  
  19  1:48  Command Center  
  19  1:51  Barracks Reactor  
  19  1:58  Supply Depot  
  19  2:03  SCV  
  20  2:15  SCV  
  21  2:27  Refinery  
  21  2:29  SCV  
  22  2:32  Hellion x2  
  26  2:40  Factory  
  26  2:41  SCV  
  27  2:53  Hellion x2  
  31  2:59  SCV  
  31  3:00  Orbital Command  
  31  3:02  Barracks Tech Lab  
  32  3:12  SCV  
  33  3:16  Supply Depot  
  33  3:18  Hellion x2  
  37  3:24  SCV  
  38  3:30  Factory  
  41  3:41  SCV x2  
  39  3:49  Siege Tank, Barracks Tech Lab  
  39  3:52  Hellion  
  39  3:53  SCV  
  39  3:55  SCV  
  39  4:00  Refinery  
  39  4:05  SCV  
  39  4:07  SCV  
  41  4:12  Supply Depot  
  41  4:17  SCV  
  41  4:19  SCV  
  41  4:22  Siege Tank, Hellion  
  41  4:23  Hellion x2  
  52  4:30  SCV, Armory  
  53  4:35  SCV  
  54  4:42  SCV  
  55  4:47  SCV  
  55  4:48  Cyclone  
  55  4:49  Hellion  
  61  4:54  SCV  
  61  4:57  Supply Depot  
  62  5:18  SCV x2, Cyclone  
  62  5:19  Hellion  
  69  5:23  Siege Tank, Command Center  
  70  5:30  SCV  
  63  5:36  SCV  
  63  5:39  Refinery  
  64  5:46  SCV  
  64  5:47  Factory  
  64  5:48  SCV, Supply Depot  
  66  5:50  Factory  
  66  5:52  Widow Mine x2  
  70  6:00  Engineering Bay  
  70  6:02  Supply Depot  
  70  6:10  SCV  
  71  6:17  Supply Depot, Cyclone  
  71  6:18  Hellion  
  76  6:32  SCV  
  77  6:36  Supply Depot  
  77  6:37  Factory Tech Lab, Factory Reactor  
  77  6:45  Hellion x2  
  77  6:46  SCV x2  
  86  6:56  Supply Depot  
  86  6:58  Supply Depot  
Show
View Real Time Build Order
Export as new Build Order

A.I. 2 (Elite) Zerg - Winner!

Build Orders: Pool First 

Get SALT Encoding   

  12  0:00  Drone  
  13  0:12  Overlord  
  13  0:16  Drone  
  14  0:30  Drone x2  
  16  0:43  Spawning Pool  
  16  0:44  Drone  
  16  0:48  Drone  
  17  1:09  Hatchery  
  16  1:11  Drone  
  16  1:14  Extractor  
  16  1:17  Drone  
  17  1:20  Drone  
  18  1:28  Drone  
  19  1:38  Overlord  
  19  1:49  Queen, Drone  
  22  2:00  Zergling x2  
  23  2:10  Drone  
  24  2:21  Drone  
  25  2:24  Queen  
  27  2:32  Roach Warren  
  27  2:34  Extractor  
  27  2:35  Drone  
  26  2:38  Drone  
  27  2:45  Overlord  
  27  2:48  Drone  
  27  2:51  Drone  
  29  2:54  Drone  
  29  2:56  Drone  
  30  3:03  Drone  
  30  3:04  Drone  
  32  3:07  Zergling x2  
  32  3:10  Zergling x2  
  34  3:14  Roach  
  34  3:19  Roach  
  38  3:23  Roach  
  38  3:26  Roach  
  42  3:28  Drone  
  42  3:31  Drone  
  44  3:36  Overlord  
  44  3:39  Zergling x2  
  43  3:41  Zergling x2  
  43  3:45  Zergling x2  
  43  3:48  Drone  
  42  3:52  Drone  
  42  3:54  Drone  
  44  4:03  Lair  
  44  4:08  Metabolic Boost  
  44  4:13  Drone  
  44  4:15  Drone  
  46  4:18  Drone  
  46  4:20  Drone  
  46  4:22  Drone  
  49  4:25  Drone  
  49  4:27  Drone  
  49  4:31  Overlord  
  51  4:37  Evolution Chamber  
  51  4:38  Drone  
  51  4:44  Evolution Chamber  
  51  4:45  Drone  
  51  4:49  Drone x3  
  54  4:53  Drone  
  54  4:55  Drone  
  54  4:56  Drone  
  54  4:58  Drone  
  58  5:02  Overlord  
  58  5:04  Infestation Pit  
  58  5:05  Roach  
  59  5:14  Roach  
  58  5:15  Hydralisk Den  
  58  5:17  Drone  
  58  5:21  Drone  
  50  5:23  Drone  
  50  5:26  Drone  
  50  5:28  Drone  
  53  5:31  Drone  
  53  5:35  Drone  
  45  5:37  Drone  
  45  5:41  Drone  
  47  5:43  Drone  
  47  5:45  Hydralisk  
  47  5:48  Hydralisk  
  52  5:51  Drone  
  52  5:54  Drone  
  52  5:56  Drone  
  55  5:59  Drone  
  55  6:02  Drone  
  57  6:05  Drone  
  57  6:06  Drone  
  57  6:07  Drone  
  57  6:09  Drone  
  61  6:14  Overlord  
  61  6:15  Drone  
  61  6:18  Drone x2  
  63  6:20  Drone  
  63  6:25  Drone  
  66  6:27  Drone  
  67  6:36  Drone  
  67  6:38  Roach x2, Overlord, Drone  
  75  6:56  Ravager  
Tags
 
Add a new tag
Caveats
  • Supply blocks, unpowered buildings, or Contaminate may cause inaccurate times.
  • Supply counts are checked every 10 seconds.